 Dungeon Crawl Stone Soup version 0.16-a0-4020-g6ff35b5 (webtiles) character file.

196 Chiseanne the Magician (level 5, -2/24 HPs)
             Began as a Spriggan Necromancer on Feb 17, 2015.
             Was a Follower of Ru.
             Slain by a gnoll
             ... wielding a +0 flail
              (11 damage)
             ... on level 4 of the Dungeon.
             The game lasted 00:22:33 (6280 turns).

Chiseanne the Magician (Spriggan Necromancer)       Turns: 6280, Time: 00:22:33

Health: -2/24      AC:  3    Str:  7    XL:     5   Next: 46%
Magic:  11/20      EV: 19    Int: 18    God:    Ru [*.....]
Gold:   328        SH:  0    Dex: 16    Spells: 5 memorised, 3 levels left

rFire  . . .     SeeInvis +     a - +0 dagger (venom)
rCold  . . .     Clarity  .     l - +1 robe
rNeg   . . .     SustAb   .     (shield restricted)
rPois  .         Gourm    .     (helmet restricted)
rElec  .         Spirit   .     (no cloak)
rCorr  .         Warding  .     (gloves unavailable)
rMut   .         Stasis   .     (boots unavailable)
MR     .....                    (no amulet)
Stlth  +++.......               (no ring)
                                u - +3 ring of strength

@: very slightly contaminated, very quick, not resistant to hostile
enchantments, fairly stealthy
A: unfitting armour, see invisible, herbivore 3, speed 3, slow metabolism 2,
inexperienced 1
a: Renounce Religion


You were on level 4 of the Dungeon.
You worshipped Ru.
Ru was aware of your devotion.
You were not hungry.

You visited 1 branch of the dungeon, and saw 4 of its levels.

You collected 328 gold pieces.

Inventory:

Hand weapons
 a - a +0 dagger of venom (weapon)
 k - a +0 rapier
 s - a +0 dagger of freezing
 w - a +0 blowgun
Missiles
 g - 7 tomahawks (quivered)
 t - 9 poisoned needles
Armour
 l - a +1 robe (worn)
Jewellery
 n - an uncursed ring of ice
 u - a +3 ring of strength (left hand)
Magical devices
 e - a wand of magic darts (20)
 q - a wand of flame (33)
Scrolls
 i - 3 scrolls of remove curse
 m - 2 scrolls of amnesia
Potions
 d - a potion of ambrosia
 f - a potion of agility
 h - 2 potions of curing
 j - a potion of brilliance
 o - a potion of haste
 p - a potion of cure mutation {unknown}
 r - a potion of flight
 v - a potion of degeneration {unknown}
 z - 2 potions of poison {unknown}
Books
 b - a book of Necromancy

   Spells                             Type                      Level
   a - Pain                           Necromancy                   1
   b - Animate Skeleton               Necromancy                   1
   c - Vampiric Draining              Necromancy                   3
   d - Regeneration                   Charms/Necromancy            3
   e - Animate Dead                   Necromancy                   4
   f - Control Undead                 Necromancy                   4
 x - a book of Death

   Spells                             Type                      Level
   a - Corpse Rot                     Necromancy                   2
   b - Sublimation of Blood           Necromancy                   2
   c - Agony                          Necromancy                   5
   d - Dispel Undead                  Necromancy                   5
   e - Excruciating Wounds            Charms/Necromancy            5
   f - Bolt of Draining               Conjuration/Necromancy       5
Comestibles
 c - 3 bread rations


   Skills:
 * Level 3.9 Dodging
 * Level 4.5 Stealth
 * Level 5.6 Spellcasting
 * Level 5.2 Necromancy


You had 3 spell levels left.
You knew the following spells:

 Your Spells              Type           Power        Failure   Level  Hunger
a - Pain                  Necr           ###.         1%          1    None
b - Animate Skeleton      Necr           N/A          1%          1    None
c - Vampiric Draining     Necr           ###.......   4%          3    ##.....
d - Regeneration          Chrm/Necr      ##........   14%         3    ##.....
e - Animate Dead          Necr           N/A          17%         4    ####...


Dungeon Overview and Level Annotations

Branches:
Dungeon (4/15)
 Temple: D:4-7

Altars:
Dithmenos
Fedhas
Makhleb
Ru
Yredelemnul


Innate Abilities, Weirdness & Mutations

You are tiny and cannot use many weapons and most armour.
You have supernaturally acute eyesight.
You are a herbivore.
You cover ground extremely quickly.
You need consume almost no food.
You are somewhat inexperienced (-2 XL).


Message History

Casting: Animate Dead
Confirm with . or Enter, or press ? or * to list all spells.
Aiming: Pain
Press: ? - help, Shift-Dir - straight line, f/p - big kobold
Aim: a big kobold, wielding a club (lightly wounded, chance 83%)
The big kobold convulses in agony!
Your gnoll zombie closely misses the big kobold.
You hit the big kobold.
The big kobold is moderately wounded.
The big kobold barely misses you.
Your gnoll zombie barely misses the big kobold.
You hit the big kobold but do no damage.
The big kobold is poisoned.
The big kobold is moderately wounded.
The gnoll barely misses you.
The big kobold is stunned by your will and fails to attack.
Your gnoll zombie barely misses the big kobold.
You hit the gnoll but do no damage.
The gnoll is poisoned.
The gnoll hits you with a flail!
You die...

......................Z....Z.....
.≈≈≈≈≈≈≈≈..≈≈.≈..≈≈≈≈≈≈≈≈.≈≈≈Z≈≈≈
≈≈≈≈≈≈≈≈≈≈≈≈≈≈≈≈≈≈≈≈≈≈≈≈≈≈≈≈≈≈≈≈≈
≈≈≈≈≈≈≈≈≈≈≈≈≈≈≈≈≈≈≈≈≈≈≈≈≈≈≈≈≈≈≈≈≈
≈≈≈≈≈≈≈#####≈≈≈≈≈≈≈≈≈≈≈≈≈≈≈≈≈≈≈≈≈
≈≈≈≈≈≈≈# ######################
≈≈≈≈≈≈≈# #)(....## ##.....#))..
≈≈≈≈≈≈≈#$ #...g(.(###......')...
≈≈≈≈≈##'##...K@.%.#......)#####
#..)..)Z(..(#Z...........
#.))........'............
#..)........#............
#+##........#.......#####
#.......###......')... #.....?##
##....)#)... ######## ###########


You could see a big kobold, a gnoll and a friendly gnoll zombie.

Vanquished Creatures
  A hound (D:3)
  An orc wizard (D:2)
  A worker ant (D:4)
  7 gnolls
  3 adders
  10 orcs
  2 ball pythons
  7 bats
  5 giant cockroaches
  16 hobgoblins
  6 jackals (D:1)
  3 quokkas
  4 giant geckos
  2 giant newts
  23 goblins
  8 kobolds
  7 rats
106 creatures vanquished.

Vanquished Creatures (collateral kills)
  6 gnolls
  A worm (D:2)
  An adder skeleton (D:4)
  10 goblins (D:4)
  7 hobgoblins
  A jackal (D:1)
  A kobold (D:2)
  A ball python (D:4)
  A giant newt (D:1)
  A rat (D:1)
30 creatures vanquished.

Vanquished Creatures (others)
  A worker ant zombie (D:4)
  An orc skeleton (D:2)
  A bat skeleton (D:1)
  A ball python skeleton (D:2)
  A giant cockroach zombie (D:4)
  A giant gecko skeleton (D:2)
  2 gnoll zombies (D:4)
  A goblin (D:4)
  3 goblin skeletons (D:1)
  11 goblin zombies (D:4)
  3 hobgoblin skeletons
  7 hobgoblin zombies (D:4)
  A jackal skeleton (D:1)
  2 kobold skeletons (D:2)
  A quokka skeleton (D:2)
  A quokka zombie (D:4)
38 creatures vanquished.

Grand Total: 174 creatures vanquished

Notes
Turn   | Place    | Note
--------------------------------------------------------------
     0 | D:1      | Chiseanne, the Spriggan Necromancer, began the quest for the Orb.
     0 | D:1      | Reached XP level 1. HP: 9/9 MP: 4/4
   113 | D:1      | Learned a level 1 spell: Animate Skeleton
   314 | D:1      | Reached skill level 4 in Necromancy
   314 | D:1      | Reached XP level 2. HP: 5/13 MP: 0/7
  1606 | D:2      | Reached XP level 3. HP: 6/16 MP: 1/11
  1803 | D:2      | Learned a level 3 spell: Vampiric Draining
  1807 | D:2      | Learned a level 3 spell: Regeneration
  1926 | D:2      | Found a sacrificial altar of Ru.
  2112 | D:2      | Became a worshipper of Ru the Awakened
  2259 | D:2      | Reached XP level 4. HP: 11/21 MP: 7/14
  2568 | D:2      | Found a shadowy altar of Dithmenos.
  2907 | D:2      | You fall through a shaft!
  3285 | D:3      | Reached XP level 5. HP: 21/24 MP: 14/18
  3426 | D:3      | Learned a level 4 spell: Animate Dead
  3743 | D:3      | Found a burning altar of Makhleb.
  4314 | D:4      | Found a basalt altar of Yredelemnul.
  4314 | D:4      | Found a shadowy altar of Dithmenos.
  4321 | D:4      | Gained mutation: You are somewhat inexperienced (-2 XL). [Ru sacrifice]
  4321 | D:4      | Reached XP level 4. HP: 20/21 MP: 14/16
  4321 | D:4      | Reached XP level 3. HP: 16/16 MP: 13/13
  4321 | D:4      | Acquired Ru's first power
  4331 | D:4      | Reached XP level 4. HP: 14/21 MP: 11/16
  4448 | D:4      | Found a blossoming altar of Fedhas.
  4512 | D:4      | Reached skill level 5 in Spellcasting
  4897 | D:4      | Reached skill level 5 in Necromancy
  5964 | D:4      | Reached XP level 5. HP: 5/24 MP: 2/19
  6280 | D:4      | Slain by a gnoll

Action                   |  1- 3 |  4- 6 || total
-------------------------+-------+-------++-------
Melee: Dagger            |     7 |    77 ||    84
 Cast: Pain              |    68 |    95 ||   163
       Animate Skeleton  |    19 |    12 ||    31
       Animate Dead      |       |    23 ||    23
       Vampiric Draining |       |     4 ||     4
       Regeneration      |       |     7 ||     7
Invok: Sacrifice Experie |     1 |       ||     1
  Use: Scroll            |       |    15 ||    15
 Stab: Sleeping          |       |     1 ||     1
  Eat: Bread ration      |       |     1 ||     1
       Royal jelly       |       |     1 ||     1
       Pizza             |       |     1 ||     1
